 Dungeon Crawl Stone Soup version 0.28-a0-973-ga7f8b01127 (webtiles) character file.

Game seed: 4134191312890039152

886 pokeman the Thaumaturge (level 7, -1/40 HPs)
             Began as a Deep Elf Hedge Wizard on Dec 1, 2021.
             Was an Initiate of Vehumet.
             Slain by an iguana (9 damage)
             ... on level 5 of the Dungeon.
             The game lasted 00:10:53 (5522 turns).

pokeman the Thaumaturge (Deep Elf Hedge Wizard)     Turns: 5522, Time: 00:10:53

Health: -1/40      AC:  6    Str:  7    XL:     7   Next: 76%
Magic:  2/21       EV: 12    Int: 21    God:    Vehumet [......]
Gold:   240        SH:  0    Dex: 14    Spells: 12/23 levels left

rFire   . . .      SeeInvis .   k - +1 dagger (venom)
rCold   + . .      Faith    .   (no shield)
rNeg    . . .      Spirit   .   a - +0 leather armour
rPois   .          Reflect  .   c - +0 hat
rElec   .          Harm     .   (no cloak)
rCorr   .          Rampage  .   e - +2 pair of gloves
Will    .....                   (no boots)
Stlth   ++........              (no amulet)
HPRegen 0.13/turn               q - ring of protection from cold
MPRegen 0.17/turn               (no ring)

@: no status effects
A: no striking features
a: Renounce Religion


You were on level 5 of the Dungeon.
You worshipped Vehumet.
Vehumet was noncommittal.
You visited 1 branch of the dungeon, and saw 5 of its levels.

You collected 240 gold pieces.

Inventory:

Hand Weapons
 k - a +1 dagger of venom (weapon)
Missiles
 i - 84 arrows
 o - 48 bolts
Armour
 a - a +0 leather armour (worn)
 c - a +0 hat (worn)
 e - a +2 pair of gloves (worn)
 v - a +2 robe of cold resistance
Jewellery
 q - a ring of protection from cold (left hand)
Scrolls
 g - 9 scrolls of identify {unknown}
 l - a scroll of holy word {unknown}
 m - 3 scrolls of amnesia {unknown}
 p - 2 scrolls of teleportation {unknown}
 r - a scroll of silence {unknown}
 s - 3 scrolls of fog {unknown}
Potions
 b - a potion of resistance {unknown}
 d - 3 potions of might {unknown}
 f - a potion of attraction {unknown}
 h - 3 potions of curing {unknown}
 j - a potion of degeneration {unknown}
 n - 2 potions of berserk rage {unknown}
 t - a potion of magic {unknown}
 u - a potion of mutation {unknown}


   Skills:
 - Level 2.2 Fighting
 + Level 1.4 Armour
 - Level 3.0 Dodging
 - Level 3.0 Stealth
 * Level 8.6 Spellcasting
 + Level 4.3 Conjurations
 - Level 1.1 Summonings
 - Level 1.1 Translocations
 + Level 1.8 Fire Magic
 - Level 2.2 Air Magic
 - Level 1.0 Poison Magic


You had 12 spell levels left.
You knew the following spells:

 Your Spells              Type           Power      Damage    Failure   Level
a - Magic Dart            Conj           100%       1d8       1%          1
b - Mephitic Cloud        Conj/Pois/Air  19%        N/A       12%         3
c - Call Imp              Summ           13%        N/A       11%         2
d - Blink                 Tloc           26%        N/A       11%         2
e - Conjure Flame         Conj/Fire      22%        6-21      9%          3

Your spell library contained the following spells:

 Spells                   Type           Power      Damage    Failure   Level
 Slow                     Hex            36%        N/A       11%         1
 Ensorcelled Hibernation  Hex/Ice        18%        N/A       17%         2
 Gell's Gravitas          Tloc           13%        N/A       21%         3
 Teleport Other           Tloc           13%        N/A       21%         3
 Spider Form              Tmut/Pois      11%        N/A       26%         3
 Dispersal                Tloc           6%         N/A       100%        6


Dungeon Overview and Level Annotations

Branches:
Dungeon (5/15)
 Temple: D:4-7

Altars:
Kikubaaqudgha
Vehumet

Shops:
D:1 [


Message History

You start resting.
An iguana is nearby!
The iguana bites your crimson imp!
Your crimson imp closely misses the iguana.
The iguana bites your crimson imp!
Your crimson imp dies!
Your crimson imp disappears in a puff of smoke!
Casting: Conjure Flame (dangerous; 9% risk of failure)
Confirm with . or Enter, or press ? or * to list all spells.
Aiming: Mephitic Cloud (dangerous; 12% risk of failure)
Press: ? - help, Shift-Dir - straight line, f - iguana
Aim: an iguana (chance to affect: 86%)
The ball explodes into a vile cloud!
The stinking cloud engulfs the iguana but does no damage.
The iguana is engulfed in noxious fumes.
Unknown command.
Unknown command.
You closely miss the iguana.
The iguana is lightly wounded.
The iguana bites you.
You hit the iguana.
The iguana is moderately wounded.
The iguana bites you.
You hit the iguana but do no damage.
The iguana is moderately wounded.
The iguana bites you!
You barely miss the iguana.
The iguana is moderately wounded.
The iguana bites you!
Casting: Mephitic Cloud (dangerous; 12% risk of failure)
Confirm with . or Enter, or press ? or * to list all spells.
You blink.
You feel stable enough to blink again.
You aren't carrying any items that you can evoke.
Unknown command.
A phantom comes into view.
The iguana bites you!
* * * LOW HITPOINT WARNING * * *
The iguana bites you!
You die...

#..# ##.# #.##
##.# ##†.#
####...##
###....#..#
####....###..#
####.@..####
##..#
#...l.### #..#
#........###
#..#
##....####
...# #..##
#.... #W ....
#. .


You could see an iguana.

Vanquished Creatures
  Pikel (D:4)
  A water moccasin (D:5)
  A lemure (D:4)
  2 hounds
  Jessica (D:2)
  2 orc wizards (D:4)
  A howler monkey skeleton (D:3)
  3 adders
  An adder skeleton (D:4)
  2 worms (D:3)
  4 dart slugs
  5 orcs
  4 bats
  7 endoplasms
  3 giant cockroaches
  10 goblins
  8 hobgoblins
  5 jackals
  9 kobolds
  3 quokkas (D:1)
  5 ball pythons
  6 frilled lizards
  6 rats
90 creatures vanquished.

Vanquished Creatures (collateral kills)
  A bullfrog skeleton (D:5)
  An adder (D:3)
  A worm (D:2)
3 creatures vanquished.

Grand Total: 93 creatures vanquished

Notes
Turn   | Place    | Note
-------+----------+-------------------------------------------
     0 | D:1      | pokeman the Deep Elf Hedge Wizard began the quest for the
                  | Orb.
     0 | D:1      | Reached XP level 1. HP: 10/10 MP: 7/7
   104 | D:1      | Found Xisi's Antique Armour Shoppe.
   262 | D:1      | Reached XP level 2. HP: 14/15 MP: 5/9
   788 | D:1      | Reached skill level 5 in Spellcasting
  1177 | D:1      | Reached XP level 3. HP: 20/20 MP: 8/11
  1256 | D:1      | Learned a level 3 spell: Mephitic Cloud
  1259 | D:1      | Learned a level 2 spell: Call Imp
  1262 | D:1      | Learned a level 2 spell: Blink
  1266 | D:1      | Learned a level 3 spell: Conjure Flame
  1800 | D:2      | Reached skill level 1 in Fighting
  1815 | D:2      | Reached skill level 1 in Armour
  1913 | D:2      | Noticed Jessica
  1931 | D:2      | Killed Jessica
  1932 | D:2      | Reached XP level 4. HP: 25/25 MP: 4/13
  3070 | D:3      | Reached skill level 6 in Spellcasting
  3081 | D:3      | Reached XP level 5. HP: 12/29 MP: 8/15
  3448 | D:3      | Noticed a water moccasin
  3450 | D:3      | Noticed a black bear
  3453 | D:3      | Found a transporter.
  3453 | D:3      | Found a radiant altar of Vehumet.
  3538 | D:3      | Found a transporter.
  3585 | D:3      | Found an ancient bone altar of Kikubaaqudgha.
  3874 | D:3      | Became a worshipper of Vehumet
  4275 | D:4      | Reached skill level 1 in Fire Magic
  4275 | D:4      | Reached skill level 1 in Poison Magic
  4835 | D:4      | Noticed a lemure
  4835 | D:4      | Noticed a lemure
  4836 | D:4      | Noticed Pikel
  4842 | D:4      | Noticed a lemure
  4845 | D:4      | Killed a lemure
  4846 | D:4      | Noticed a lemure
  4848 | D:4      | Killed Pikel
  4849 | D:4      | Reached skill level 8 in Spellcasting
  4849 | D:4      | Reached XP level 6. HP: 21/35 MP: 5/19
  4849 | D:4      | Reached XP level 7. HP: 24/40 MP: 5/20
  5419 | D:4      | You fall into a shaft and drop 1 floor!
  5419 | D:5      | Entered Level 5 of the Dungeon
  5522 | D:5      | Slain by an iguana

Illustrated notes

Levels and vault maps discovered:
D:1:      minmay_arrival_four_loops, layout_loops_ring, serial_shops,
          nicolae_diamond_shop
D:2:      layout_basic, minmay_tetromino_t2, uniq_jessica
D:3:      minmay_inner_zag, layout_basic, nicolae_overflow_hidden_temple,
          gammafunk_temple_overflow_arena, kennysheep_generic_room_10
D:4:      layout_loops_corners, uniq_pikel
D:5:      layout_cave_pods

Skill      XL: |  1  2  3  4  5 |
---------------+----------------+-----
Spellcasting   | 5 6 8 |  8.6
Fighting       | 1 2 |  2.2
Armour         | 1 |  1.4
Conjurations   | 2 4 |  4.3
Stealth        | 3 |  3.0
Dodging        | 3 |  3.0
Fire Magic     | 1 |  1.8
Poison Magic   | 1 |  1.0
Air Magic      | 2 |  2.2
Summonings     | |  1.1
Translocations | |  1.1

Action                   |  1- 3 |  4- 6 |  7- 9 || total
-------------------------+-------+-------+-------++-------
Melee: Dagger            |     5 |    40 |    10 ||    55
 Cast: Magic Dart        |   103 |    57 |    21 ||   181
       Call Imp          |       |     4 |     2 ||     6
       Conjure Flame     |       |     5 |     3 ||     8
       Mephitic Cloud    |       |     5 |     1 ||     6
       Blink             |       |     4 |     2 ||     6
 Stab: Sleeping          |       |     2 |       ||     2
       Confused          |       |     5 |       ||     5
Armor: Robe              |     2 |       |       ||     2
       Leather armour    |       |    24 |     4 ||    28
Dodge: Dodged            |    13 |    35 |     9 ||    57

Table legend: (Time is in decaauts)
 A = Elapsed time spent in this place.
 B = Non-inter-level travel time spent in this place.
 C = Inter-level travel time spent in this place.
 D = Time resting spent in this place.
 E = Time spent auto-exploring this place.
 F = Levels seen in this place.
 G = Mean time per level.
                   A        B        C        D        E       F      G
               +--------+--------+--------+--------+--------+-----+--------+
         Total |   5520 |   5431 |     89 |    595 |   4185 |   5 | 1104.0 |
       Dungeon |   5520 |   5431 |     89 |    595 |   4185 |   5 | 1104.0 |
               +--------+--------+--------+--------+--------+-----+--------+

Top non-repeatable levels by time:
     D:1: 1500 daAuts
     D:3: 1467 daAuts
     D:4: 1241 daAuts
     D:2: 1208 daAuts
     D:5: 102 daAuts
